 Dungeon Crawl Stone Soup version 0.19-b1-3-g7dea586 (webtiles) character file.

645 motku01 the Cudgeler (level 7, 0/49 HPs)
             Began as an Octopode Fighter on Oct 29, 2016.
             Slain by an orc wizard
             ... wielding a cursed +0 dagger
              (4 damage)
             ... on level 4 of the Dungeon.
             The game lasted 00:06:17 (4322 turns).

motku01 the Cudgeler (Octopode Fighter)             Turns: 4322, Time: 00:06:17

Health: 0/49       AC:  1    Str: 15    XL:     7   Next: 52%
Magic:  7/7        EV: 12    Int: 10    God:
Gold:   185        SH:  9    Dex: 14    Spells: 0 memorised, 6 levels left

rFire  . . .     SeeInvis .     g - +0 whip
rCold  . . .     Gourm    .     b - +0 shield
rNeg   . . .     Faith    .     (helmet restricted)
rPois  .         Spirit   .     (no amulet)
rElec  .         Reflect  .     t - ring of loudness (curse)
rCorr  .         Harm     .     (no ring)
MR     .....                    (no ring)
Stlth  +.........               (no ring)
                                (no ring)
                                (no ring)
                                (no ring)
                                (no ring)

@: no status effects
A: almost no armour, stealthy swim, amphibious, 8 rings, constrict 8, camouflage
1, gelatinous body 1
a: no special abilities


You were on level 4 of the Dungeon.
You were not hungry.

You visited 1 branch of the dungeon, and saw 5 of its levels.

You collected 185 gold pieces.

Inventory:

Hand Weapons
 a - a +0 flail
 g - a +0 whip (weapon)
Armour
 b - a +0 shield (worn)
Jewellery
 t - a cursed ring of loudness (left tentacle)
Wands
 r - a wand of iceblast (9/15)
 v - a wand of slowing (22/48)
 y - a wand of lightning (5/15)
 A - a wand of flame (11/48)
Scrolls
 e - a scroll of enchant armour {unknown}
 f - 2 scrolls of recharging {unknown}
 h - 4 scrolls of identify
 j - a scroll of remove curse {unknown}
 k - 3 scrolls of random uselessness
 l - 2 scrolls of fog {unknown}
 m - 2 scrolls of teleportation
Potions
 c - 2 potions of might
 i - a potion of agility {unknown}
 o - a potion of curing {unknown}
 p - a potion of degeneration {unknown}
 q - a potion of beneficial mutation {unknown}
 s - a potion of mutation {unknown}
 u - 3 potions of heal wounds
Comestibles
 d - 2 bread rations
 n - a slice of pizza
 w - a meat ration


   Skills:
 + Level 4.8 Fighting
 * Level 5.8 Maces & Flails
 - Level 3.0 Dodging
 + Level 5.1 Shields


You had 6 spell levels left.
You didn't know any spells.

Dungeon Overview and Level Annotations

Branches:
Dungeon (5/15)
 Temple: D:4-7

Altars:
Cheibriados
Elyvilon
Nemelex Xobeh

Annotations:
D:3 exclusion: 2 downstairs


Innate Abilities, Weirdness & Mutations

You cannot wear most types of armour.
You are very stealthy in the water. (Stealth+)
You are amphibious.
You can wear up to eight rings at the same time.
You can use your tentacles to constrict eight enemies at once.
Your skin changes colour to match your surroundings (Stealth+).
Your rubbery body absorbs attacks. (AC +1, EV +1)


Message History

Your shield prevents you from hitting the centaur.
You squeeze the centaur, but do no damage.
The centaur is severely wounded.
You block the centaur's attack. The centaur hits you.
* * * LOW HITPOINT WARNING * * *
Unknown command.
You hit the centaur. You squeeze the centaur.
You kill the centaur!
The orc throws a tomahawk.
You block the tomahawk.
Unknown command.
Something hits you.
* * * LOW HITPOINT WARNING * * *
There is a stone staircase leading up here.
Something hits you but does no damage.
You climb upwards.
There is a stone staircase leading down here.
Unknown command.
You can't go up here!
You start resting.
Something hits you.
You die...

#.##.#########.#####.#
#...........#........#
#..#.######.##.#######
#..#.# #.##.# ##..#.##
##.##.#
.......####...#.#
##).#...........#
#..#.........#.#######
##.....###..#...@.....#
......##.##..##.#####.#
###...#...#...#.# #.#
##..####)####...# #.#
...##..#'#..##..# #.#
#..#._.'.'...#..# #.#
##.##.##.##.##..# #.#
#..###.#.###..## #.#
###.....#.....## #.#


There were no monsters in sight!

Vanquished Creatures
  The ghost of appiemonkey the Skirmisher, an amateur GrFi of Okawaru (D:4)
  An ogre (D:3)
  A centaur (D:5)
  An orc priest (D:3)
  2 orc wizards (D:3)
  3 worker ants
  5 adders
  2 oozes
  A worm (D:2)
  2 dart slugs (D:1)
  3 leopard geckos
  8 orcs
  A ball python (D:3)
  5 bats
  4 giant cockroaches
  6 goblins
  A hobgoblin (D:2)
  19 jackals
  7 frilled lizards
  12 kobolds
  9 rats
94 creatures vanquished.

Notes
Turn   | Place    | Note
-------+----------+-------------------------------------------
     0 | D:1      | motku01 the Octopode Fighter began the quest for the Orb.
     0 | D:1      | Reached XP level 1. HP: 16/16 MP: 1/1
   122 | D:1      | Reached XP level 2. HP: 21/21 MP: 2/2
   574 | D:1      | Reached XP level 3. HP: 22/26 MP: 3/3
   993 | D:2      | Found a white marble altar of Elyvilon.
  1093 | D:2      | Reached XP level 4. HP: 23/31 MP: 4/4
  1779 | D:3      | Found a snail-covered altar of Cheibriados.
  2054 | D:3      | Reached XP level 5. HP: 37/37 MP: 5/5
  2124 | D:4      | Noticed appiemonkey's ghost (amateur GrFi)
  2631 | D:3      | Reached XP level 6. HP: 10/43 MP: 6/6
  3383 | D:4      | Found a sparkling altar of Nemelex Xobeh.
  3844 | D:4      | Killed appiemonkey's ghost
  3844 | D:4      | Reached skill level 5 in Maces & Flails
  3844 | D:4      | Reached skill level 5 in Shields
  3844 | D:4      | Reached XP level 7. HP: 20/49 MP: 7/7
  4300 | D:5      | Entered Level 5 of the Dungeon
  4322 | D:4      | Slain by an orc wizard

Skill      XL: |  1  2  3  4  5  6 |
---------------+-------------------+-----
Maces & Flails | 3 4 5 |  5.8
Shields        | 4 5 |  5.1
Fighting       | 4 |  4.8
Dodging        | |  3.0

Action                   |  1- 3 |  4- 6 |  7- 9 || total
-------------------------+-------+-------+-------++-------
Melee: Flail             |    21 |       |       ||    21
       Constrict         |    24 |    32 |     1 ||    57
       Tentacles         |    17 |    28 |     4 ||    49
       Whip              |    47 |   199 |    10 ||   256
  Use: Scroll            |       |     4 |       ||     4
       Potion            |       |     3 |       ||     3
 Stab: Sleeping          |     2 |     4 |       ||     6
  Eat: Chunk             |       |     9 |       ||     9
       Pizza             |       |       |     1 ||     1
Armor: Skin              |     8 |    18 |     1 ||    27
Dodge: Dodged            |    30 |    64 |     3 ||    97
Block: Shield            |    27 |    82 |     4 ||   113
